 Dungeon Crawl Stone Soup version 0.29.1-13-g9f3cf754e1 (webtiles) character file.

Game seed: 6080877164891824800

109 StrawBerry the Chiller (level 4, -4/31 HPs)
             Began as a Vampire Ice Elementalist on Jan 25, 2023.
             Was a Follower of Dithmenos.
             Slain by an iguana (7 damage)
             ... on level 5 of the Dungeon.
             The game lasted 00:47:49 (2612 turns).

StrawBerry the Chiller (Vampire Ice Elementalist)   Turns: 2612, Time: 00:47:50

Health: -4/31      AC:  9    Str:  7    XL:     4   Next: 60%
Magic:  3/8        EV:  2    Int: 19    God:    Dithmenos [*.....]
Gold:   139        SH:  0    Dex: 14    Spells: 8/9 levels left

rFire   x . .      SeeInvis +   r - +0 rapier
rCold   + . .      Faith    .   (no shield)
rNeg    . . .      Spirit   .   G - +0 chain mail
rPois   .          Reflect  .   k - +0 helmet
rElec   .          Harm     .   (no cloak)
rCorr   .          Rampage  .   (no gloves)
Will    .....                   (no boots)
Stlth   ..........              (no amulet)
HPRegen 0.30/turn               v - ring of ice
MPRegen 0.11/turn               (no ring)

@: very slightly contaminated, healing quickly, wreathed by umbra
A: alive, fangs 3, see invisible, vampiric 2
a: Exsanguinate, Renounce Religion


You were on level 5 of the Dungeon.
You worshipped Dithmenos.
Dithmenos was aware of your devotion.
You visited 2 branches of the dungeon, and saw 6 of its levels.

You collected 139 gold pieces.

Inventory:

Hand Weapons
 a - a +0 spear
 c - a +0 club
 f - a +0 dagger
 i - a +0 sling
 j - a +0 short sword
 r - a +0 rapier (weapon)
 s - a +0 mace
 y - a +0 quarterstaff
 A - a +0 falchion
 C - a +0 club
 D - a +0 morningstar
 F - a +0 whip
Missiles
 d - 19 stones
 x - 4 boomerangs of dispersal
Armour
 k - a +0 helmet (worn)
 w - a +0 helmet
 G - a +0 chain mail (worn)
Jewellery
 v - a ring of ice (left hand)
Scrolls
 o - 2 scrolls of vulnerability {unknown}
 p - 2 scrolls of magic mapping {unknown}
 q - 2 scrolls of silence {unknown}
 t - a scroll of brand weapon {unknown}
 u - 2 scrolls of identify {unknown}
Potions
 b - a potion of magic
 e - 2 potions of degeneration {unknown}
 g - a potion of lignification {unknown}
 h - 3 potions of heal wounds {unknown}
 l - 2 potions of curing
 B - a potion of attraction {unknown}


   Skills:
 + Level 0.7 Fighting
 + Level 1.4 Short Blades
 + Level 1.0 Armour
 + Level 2.5 Dodging
 + Level 3.2 Stealth
 + Level 3.0 Spellcasting
 + Level 4.5 Ice Magic


You had 8 spell levels left.
You knew the following spells:

 Your Spells              Type           Power      Damage    Failure   Level
a - Freeze                Ice            100%       1d11      100%        1

Your spell library contained the following spells:

 Spells                   Type           Power      Damage    Failure   Level
 Frozen Ramparts          Ice            60%        1d10      100%        3
 Ignite Poison            Fire/Tmut/Pois 2%         N/A       100%        3
 Mephitic Cloud           Conj/Pois/Air  2%         N/A       100%        3
 Ozocubu's Armour         Ice            30%        N/A       100%        3
 Hailstorm                Conj/Ice       17%        3d6       100%        4
 Ice Form                 Ice/Tmut       17%        N/A       100%        4
 Summon Ice Beast         Ice/Summ       17%        N/A       100%        4
 Freezing Cloud           Conj/Ice/Air   6%         6-21      100%        5


Dungeon Overview and Level Annotations

Branches:
Dungeon (5/15)             Temple (1/1) D:4

Altars:
Ashenzari
Dithmenos
Gozag
Hepliaklqana
Kikubaaqudgha
Makhleb
Okawaru
Qazlal
Ru
Uskayaw
Vehumet
Wu Jian

Shops:
D:3 (   D:4 ((?=

Portals:
Ossuary: D:4


Innate Abilities, Weirdness & Mutations

Your natural rate of healing is accelerated.
You have razor-sharp teeth.
You have supernaturally acute eyesight. (SInv)
You are afflicted with vampirism and can become a bat while bloodless.


Message History

You barely miss the iguana. Your bite misses the iguana.
The iguana barely misses you.
An iguana comes into view.
The iguana hisses angrily.
You hit the iguana. Your bite misses the iguana.
The iguana is moderately wounded.
The iguana bites you but does no damage.
You closely miss the iguana. You bite the iguana, but do no damage.
The iguana is moderately wounded.
The iguana bites you.
Aiming: Freeze (safe; 100% risk of failure)
Press: ? - help, Q - select action, (/) - cycle Shift-Dir - straight line, f/p - iguana
Aim: an iguana (moderately wounded, umbra)
You feel a surge of power!
You miscast Freeze.
Nothing appears to happen.
The iguana bites you but does no damage.
A quokka comes into view.
Aiming: Freeze (safe; 100% risk of failure)
Press: ? - help, Q - select action, (/) - cycle Shift-Dir - straight line, f/p - iguana
Aim: an iguana (moderately wounded, umbra)
You feel a surge of power!
You miscast Freeze.
Nothing appears to happen.
The iguana bites you.
Aiming: Freeze (safe; 100% risk of failure)
Press: ? - help, Q - select action, (/) - cycle Shift-Dir - straight line, f/p - iguana
Aim: an iguana (moderately wounded, umbra)
You feel a surge of power!
You miscast Freeze.
Nothing appears to happen.
The iguana bites you.
Aiming: Freeze (safe; 100% risk of failure)
Press: ? - help, Q - select action, (/) - cycle Shift-Dir - straight line, f/p - iguana
Aim: an iguana (moderately wounded, umbra)
You feel a surge of power!
You miscast Freeze.
You are lightly contaminated with residual magic.
Nothing appears to happen.
The iguana bites you!
Found a stone staircase leading down.
The iguana attacks as you move away! The iguana bites you!
* * * LOW HITPOINT WARNING * * *
You hit the iguana.
The iguana is heavily wounded.
The iguana barely misses you. The iguana bites you!
You die...

.#...............
.................
.........#....#.##
........##....#...
........#.........
..................
..#......r.....#
..........l....#
.......##l@..###
..#.... #.....# .
#.... #.....#
...... ##...##
.).... ..### ....
..# ..> ....


You could see 2 iguanas and a quokka.

Vanquished Creatures
  Robin (D:2)
  3 adders
  A worm (D:3)
  2 dart slugs
  4 orcs (D:4)
  2 ball pythons
  2 endoplasms
  4 giant cockroaches
  12 goblins
  8 hobgoblins
  2 jackals (D:2)
  2 quokkas
  3 bats
  2 frilled lizards
  4 kobolds
  A rat (D:2)
53 creatures vanquished.

Vanquished Creatures (others)
  2 plants (D:3)
2 creatures vanquished.

Grand Total: 55 creatures vanquished

Notes
Turn   | Place    | Note
-------+----------+-------------------------------------------
     0 | D:1      | StrawBerry the Vampire Ice Elementalist began the quest for
                  | the Orb.
     0 | D:1      | Reached XP level 1. HP: 13/13 MP: 3/3
   271 | D:1      | Reached XP level 2. HP: 16/19 MP: 3/5
   491 | D:2      | Noticed Robin
   747 | D:2      | Gained mutation: You are afflicted with vampirism and can
                  | become a bat while bloodless. [Vampire growth]
   747 | D:2      | Reached XP level 3. HP: 25/25 MP: 3/6
  1382 | D:3      | Found Ufiolergh's Weapon Shop.
  1443 | D:3      | Found a shadowy altar of Dithmenos.
  1443 | D:3      | Found an opulent altar of Gozag.
  1448 | D:3      | Became a worshipper of Dithmenos the Shadowed
  1684 | D:2      | Killed Robin
  1688 | D:2      | Reached skill level 1 in Short Blades
  1713 | D:2      | Reached XP level 4. HP: 28/31 MP: 0/8
  2167 | D:3      | Reached * piety under Dithmenos
  2197 | D:4      | Found Getaihia's Magic Scroll Shop.
  2198 | D:4      | Found Qeetrup's Jewellery Shop.
  2199 | D:4      | Found Sair's Weapon Shop.
  2204 | D:4      | Found Utixkuxo's Antique Weapon Shop.
  2280 | D:4      | Found a sand-covered staircase.
  2431 | D:4      | Reached skill level 1 in Armour
  2452 | D:4      | Found a staircase to the Ecumenical Temple.
  2462 | Temple   | Entered the Ecumenical Temple
  2557 | D:4      | Found a radiant altar of Vehumet.
  2592 | D:5      | Entered Level 5 of the Dungeon
  2612 | D:5      | Slain by an iguana

Illustrated notes

Levels and vault maps discovered:
D:1:      lemuel_arrival_cross, layout_loops_cross
D:2:      layout_basic, minmay_tetromino_t2, uniq_robin
D:3:      layout_basic, mainiacjoe_overflow_divided_tiny,
          shapermc_ecumenical_altar_petra, serial_shops, shop
D:4:      layout_basic, mainiacjoe_overflow_cross_hatched,
          minmay_temple_entry_statues_fountains,
          lightli_ossuary_entry_decrepit_ruins, ebering_ghost_sewer_d,
          minmay_shop_grid_forest
D:5:      layout_cave_pools, lemuel_tele_altar, uniq_eustachio
Temple:   nicolae_temple_x_marks_the_god

Skill      XL: |  1  2  3  4 |
---------------+-------------+-----
Short Blades   | 1 |  1.4
Spellcasting   | 3 |  3.0
Armour         | 1 |  1.0
Fighting       | |  0.7
Dodging        | |  2.5
Stealth        | |  3.2
Ice Magic      | |  4.5

Action                   |  1- 3 |  4- 6 || total
-------------------------+-------+-------++-------
Melee: Short sword       |    30 |       ||    30
       Bite              |     8 |     5 ||    13
       Club              |     1 |       ||     1
       Punch             |     1 |     1 ||     2
       Rapier            |    34 |    40 ||    74
 Fire: Sling             |     1 |       ||     1
 Cast: Freeze            |    32 |    11 ||    43
 Stab: Sleeping          |       |     1 ||     1
Armor: Robe              |    10 |       ||    10
       Ring mail         |    23 |    11 ||    34
       Chain mail        |       |    36 ||    36
Dodge: Dodged            |    81 |    23 ||   104
